Map: Nightscape LE

Players

Zorli - Winner!

  • Race: Protoss Protoss
  • Spawn Location: 7:00

MKing - Winner!

  • Race: Terran Terran
  • Spawn Location: 7:00

qqq

  • Race: Zerg Zerg
  • League: Platinum
  • Spawn Location: 1:00

Massa

  • Race: Terran Terran
  • League: Platinum
  • Spawn Location: 1:00

VOD

Have the link to the VOD?

Description

Time

  • Played on: Jan. 5, 2021, 3:56 p.m.
  • Length: 12:56
Show
View Real Time Build Order
Export as new Build Order

Zorli Protoss - Winner!

Build Orders: Carriers 

Get SALT Encoding   

  12  0:00  Probe  
  13  0:13  Probe  
  14  0:20  Pylon  
  14  0:28  Probe  
  15  0:40  Probe  
  16  0:47  Gateway  
  16  0:52  Assimilator  
  16  0:56  Pylon  
  16  0:58  Probe  
  17  1:17  Probe  
  18  1:26  Assimilator  
  18  1:29  Probe (Chrono Boost)  
  19  1:37  Cybernetics Core  
  19  1:41  Probe (Chrono Boost)  
  20  1:49  Probe (Chrono Boost)  
  21  1:55  Probe  
  22  2:07  Probe  
  23  2:12  Nexus  
  23  2:20  Probe  
  24  2:31  Pylon  
  24  2:32  Probe  
  25  2:40  Stargate  
  25  2:44  Probe  
  26  2:56  Probe (Chrono Boost)  
  27  3:00  Pylon x2  
  27  3:07  Probe (Chrono Boost)  
  27  3:12  Probe (Chrono Boost), Stargate  
  29  3:24  Probe (Chrono Boost)  
  30  3:29  Probe (Chrono Boost)  
  32  3:34  Probe (Chrono Boost)  
  32  3:37  Probe (Chrono Boost)  
  32  3:39  Assimilator  
  32  3:40  Probe (Chrono Boost)  
  34  3:42  Probe (Chrono Boost), Void Ray  
  34  3:43  Assimilator  
  39  3:50  Probe, Void Ray  
  39  3:54  Probe  
  46  4:02  Probe  
  46  4:06  Protoss Air Weapons Level 1 (Chrono Boost)  
  46  4:11  Probe  
  46  4:15  Probe  
  48  4:23  Probe  
  49  4:26  Fleet Beacon  
  49  4:30  Void Ray  
  52  4:48  Void Ray  
  56  5:11  Pylon  
  56  5:12  Pylon  
  56  5:14  Pylon  
  56  5:15  Pylon  
  56  5:16  Tempest  
  56  5:17  Pylon  
  58  5:31  Tempest  
  63  5:41  Probe (Chrono Boost)  
  65  5:51  Probe (Chrono Boost)  
  65  5:56  Probe (Chrono Boost)  
  65  6:04  Carrier  
  72  6:07  Probe  
  72  6:11  Nexus  
  73  6:20  Stargate x2  
  73  6:29  Probe, Assimilator  
  73  6:31  Probe  
  75  6:33  Assimilator  
  75  6:41  Probe  
  75  6:42  Tempest  
  75  6:43  Probe  
  82  6:53  Probe  
  83  6:56  Probe  
  84  7:02  Void Ray  
  84  7:05  Probe  
  84  7:08  Probe  
  90  7:15  Void Ray  
  90  7:16  Void Ray  
  90  7:17  Probe  
  90  7:20  Probe  
  100  7:23  Probe  
  102  7:30  Probe  
  102  7:32  Probe  
  102  7:35  Probe  
  104  7:42  Probe, Protoss Air Armor Level 1 (Chrono Boost)  
  105  7:44  Probe  
  105  7:46  Tempest  
  105  7:47  Probe  
  112  8:28  Probe  
  113  8:42  Pylon  
  113  8:44  Pylon  
  113  8:55  Cybernetics Core  
  113  8:56  Pylon  
  113  9:00  Carrier x2, Pylon  
  131  9:03  Carrier, Nexus  
  131  9:04  Pylon  
  131  9:05  Pylon  
  131  9:07  Assimilator  
  131  9:08  Pylon  
  131  9:11  Assimilator  
  131  9:14  Carrier  
  137  9:43  Protoss Air Armor Level 2 (Chrono Boost)  
  137  9:44  Protoss Air Weapons Level 2 (Chrono Boost)  
  137  9:47  Pylon  
  137  9:48  Pylon  
  137  9:49  Pylon  
  137  9:52  Pylon  
  137  9:54  Pylon  
  137  9:55  Pylon  
  137  10:01  Void Ray  
  137  10:02  Nexus  
  137  10:04  Carrier x2  
  137  10:05  Assimilator  
  153  10:09  Assimilator  
  153  10:12  Void Ray  
  156  10:38  Void Ray  
  156  10:48  Stargate  
  160  10:50  Void Ray  
  164  11:02  Void Ray x2  
  172  11:15  Void Ray  
  176  11:26  Nexus  
  176  11:33  Carrier  
  178  11:45  Tempest  
  161  12:07  Tempest  
  175  12:37  Probe (Chrono Boost)  
  184  12:46  Probe (Chrono Boost)  
  184  12:47  Probe x2 (Chrono Boost)  
Show
View Real Time Build Order
Export as new Build Order

MKing Terran - Winner!

Build Orders: Gas First Reaper Expand 

Get SALT Encoding   

  12  0:00  SCV  
  13  0:13  SCV  
  14  0:22  Supply Depot  
  14  0:25  SCV  
  15  0:31  Refinery  
  15  0:44  SCV  
  15  0:49  Barracks  
  16  0:56  SCV  
  17  1:36  Reaper  
  18  1:40  Command Center  
  18  2:34  Barracks Tech Lab  
  18  2:35  Factory  
  18  2:47  Supply Depot  
  18  2:53  Orbital Command  
  18  2:55  Marine  
  19  3:03  Refinery  
  19  3:06  Engineering Bay  
  19  3:10  Orbital Command  
  19  3:18  Factory Tech Lab  
  19  3:36  Marine  
  19  3:38  Siege Tank  
  19  3:41  Stimpack  
  24  3:48  SCV  
  24  3:59  SCV  
  24  4:00  SCV  
  26  4:11  SCV  
  26  4:12  SCV  
  26  4:13  Starport  
  28  4:18  Marine  
  28  4:23  SCV  
  30  4:24  SCV  
  30  4:29  Supply Depot  
  31  4:37  Engineering Bay  
  31  4:45  Siege Tank  
  34  4:46  Marine  
  35  4:54  SCV x2  
  35  4:57  Refinery  
  37  5:00  Refinery  
  37  5:02  Medivac  
  37  5:03  Marine  
  37  5:06  SCV  
  41  5:12  Barracks  
  41  5:14  Barracks  
  41  5:17  SCV  
  41  5:18  SCV  
  43  5:24  Combat Shield  
  43  5:32  Marine  
  43  5:35  Starport Reactor  
  44  5:48  Siege Tank  
  47  5:50  Marine  
  48  6:01  SCV x2  
  50  6:08  Marine  
  50  6:09  Marine  
  50  6:10  Marine  
  53  6:13  SCV  
  54  6:47  Siege Tank  
  54  6:50  Marine  
  53  6:58  SCV  
  53  7:00  SCV  
  54  7:01  Barracks Reactor  
  54  7:04  Barracks Reactor  
  54  7:05  Terran Infantry Weapons Level 1  
  54  7:06  Terran Infantry Armor Level 1  
  54  7:08  Marine, Concussive Shells  
  53  7:13  Supply Depot x2  
  53  7:14  Supply Depot  
  54  7:16  Supply Depot  
  54  7:17  Supply Depot  
  54  7:19  SCV  
  55  7:23  Armory  
  52  7:34  Marine  
  52  7:35  Siege Tank  
  56  7:41  Marine x3  
  56  7:42  Marine  
  60  7:48  Barracks  
  60  7:50  Missile Turret  
  60  7:52  Marine  
  61  7:59  Marine x2  
  61  8:02  Missile Turret  
  61  8:04  Missile Turret  
  61  8:05  SCV x2, Missile Turret  
  65  8:07  Siege Tank  
  68  8:17  SCV x2  
  70  8:29  SCV x2  
  72  8:34  Marine x3  
  72  8:38  Command Center  
  75  8:41  SCV  
  75  8:42  SCV  
  77  8:54  SCV x2  
  77  8:55  Missile Turret  
  79  9:04  Terran Infantry Weapons Level 2  
  79  9:05  Missile Turret, Supply Depot  
  79  9:06  Terran Infantry Armor Level 2  
  79  9:08  Terran Vehicle Weapons Level 1, Supply Depot  
  79  9:11  Barracks Reactor, Marine  
  79  9:12  Marine x4  
  84  9:17  SCV x2  
  86  9:29  SCV x2, Marine x4, Thor  
  98  9:41  SCV x2, Marauder  
  102  9:49  Refinery  
  102  9:50  Orbital Command  
  102  9:53  SCV  
  102  9:56  Marine x6  
  108  10:02  Marine  
  109  10:13  Marine  
  109  10:14  Marine  
  110  10:19  Medivac x2  
  110  10:20  Thor  
  121  10:26  Supply Depot x2  
  121  10:29  Supply Depot  
  121  10:33  Marine x7  
  128  10:41  Supply Depot x3  
  128  10:48  Medivac  
  128  10:49  Medivac  
  132  10:50  Marine  
  132  10:51  Refinery, Marine x2  
  135  11:01  Marine x4  
  139  11:08  Marine  
  139  11:09  Marine x2  
  142  11:18  Marine  
  142  11:21  Marine x3  
  142  11:23  Siege Tank  
  149  11:26  Marine x2  
  137  11:45  Marine x7  
  113  11:55  Siege Tank  
  113  12:03  Marine x7  
  120  12:21  Marine x7  
Show
View Real Time Build Order
Export as new Build Order

qqq Zerg 

Build Orders: Hatch First 

Get SALT Encoding   

  12  0:01  Drone  
  13  0:10  Drone  
  14  0:19  Overlord  
  14  0:46  Hatchery  
  14  0:47  Drone  
  14  0:52  Drone  
  15  1:02  Drone  
  15  1:03  Drone  
  17  1:18  Spawning Pool  
  16  1:23  Drone  
  16  1:24  Drone  
  18  1:29  Extractor  
  17  1:39  Drone  
  18  1:43  Drone  
  19  1:52  Drone  
  20  2:08  Drone  
  20  2:09  Queen  
  20  2:10  Queen  
  20  2:11  Drone x2  
  27  2:22  Overlord  
  26  2:26  Drone  
  26  2:27  Zergling x2  
  28  2:39  Roach Warren, Overlord  
  28  2:41  Drone  
  28  2:48  Zergling x2  
  28  2:50  Metabolic Boost  
  29  2:55  Drone  
  29  2:56  Zergling x2  
  31  2:58  Zergling x2  
  31  3:04  Zergling x2  
  33  3:07  Zergling x2  
  34  3:15  Lair  
  34  3:18  Drone  
  35  3:21  Extractor  
  35  3:22  Zergling x2  
  35  3:26  Zergling x4  
  37  3:29  Roach  
  37  3:31  Roach  
  41  3:35  Overlord  
  41  3:38  Zergling x2  
  42  3:42  Zergling x2  
  42  3:47  Zergling x2  
  44  3:49  Overlord  
  44  3:54  Roach  
  46  3:57  Roach  
  46  4:00  Roach  
  50  4:04  Drone x2  
  52  4:12  Roach  
  52  4:13  Roach  
  56  4:21  Roach  
  56  4:22  Roach  
  60  4:46  Overlord  
  60  4:47  Overlord x3  
  58  4:55  Drone x2  
  58  4:57  Overlord  
  60  5:05  Spire  
  60  5:06  Drone  
  60  5:15  Drone x3  
  60  5:17  Drone  
  60  5:20  Drone  
  65  5:25  Extractor  
  64  5:37  Hatchery  
  64  5:38  Drone  
  64  5:40  Drone  
  65  5:46  Drone x3  
  68  5:55  Overlord  
  68  5:56  Overlord  
  68  6:00  Drone x2  
  68  6:02  Extractor  
  68  6:03  Drone  
  70  6:07  Drone x2  
  72  6:16  Roach  
  72  6:17  Mutalisk  
  76  6:18  Mutalisk  
  76  6:21  Drone  
  79  6:25  Mutalisk  
  79  6:27  Mutalisk  
  83  6:35  Mutalisk  
  83  6:36  Mutalisk  
  83  6:37  Drone  
  83  6:38  Drone  
  89  6:56  Mutalisk  
  89  6:58  Drone x3  
  89  6:59  Drone  
  95  7:05  Zerg Flyer Weapons Level 1  
  95  7:11  Infestation Pit  
  95  7:14  Drone  
  95  7:17  Drone x2  
  94  7:37  Hatchery  
  91  7:54  Drone x3  
  94  8:05  Mutalisk x4  
  96  8:06  Corruptor x2, Overlord  
  96  8:07  Extractor  
  96  8:10  Extractor  
  104  8:19  Overlord x3  
  105  8:20  Overlord x3  
  105  8:22  Hatchery  
  105  8:24  Extractor  
  105  8:25  Extractor, Spore Crawler  
  101  8:27  Spore Crawler  
  101  8:28  Mutalisk  
  101  8:31  Corruptor x2  
  106  8:46  Hatchery  
  106  8:47  Corruptor  
  107  8:57  Queen  
  107  8:58  Drone x3  
  107  8:59  Zerg Flyer Armor Level 1  
  112  9:04  Corruptor  
  114  9:12  Drone  
  114  9:14  Mutalisk  
  117  9:26  Hive  
  117  9:40  Spore Crawler  
  116  9:47  Drone x3  
  116  9:49  Corruptor x2  
  116  9:50  Corruptor  
  116  9:51  Spore Crawler  
  116  9:52  Spore Crawler  
  123  9:53  Spore Crawler  
  119  10:29  Hatchery  
  112  10:36  Mutalisk x3  
  112  10:37  Corruptor x2  
  112  10:40  Drone x2  
  112  10:41  Drone x4  
  128  10:53  Drone x2  
  130  10:57  Viper, Roach  
  130  11:01  Spore Crawler, Viper  
  137  11:13  Drone x3  
  140  11:19  Viper  
  140  11:23  Viper  
  146  11:29  Hatchery  
  99  11:46  Corruptor x4  
  81  12:01  Corruptor x2  
  81  12:16  Mutalisk x3  
  81  12:18  Drone x6  
Show
View Real Time Build Order
Export as new Build Order

Massa Terran 

Build Orders: Reaper Expand 

Get SALT Encoding   

  12  0:00  SCV  
  13  0:12  SCV  
  14  0:20  Supply Depot  
  14  0:24  SCV  
  15  0:41  SCV  
  16  0:43  Barracks  
  16  0:46  Refinery  
  16  0:53  SCV  
  17  1:05  SCV  
  18  1:17  SCV  
  19  1:30  SCV  
  19  1:42  Reaper  
  19  1:46  Orbital Command  
  20  1:50  Command Center  
  20  1:57  Supply Depot  
  20  2:12  SCV  
  21  2:18  Marine  
  21  2:19  Factory  
  22  2:25  SCV  
  22  2:26  Supply Depot  
  23  2:37  SCV  
  23  2:38  Barracks Tech Lab  
  24  2:45  Refinery  
  24  2:49  SCV, Supply Depot  
  25  3:01  SCV  
  26  3:05  Orbital Command  
  26  3:07  Starport  
  26  3:13  Factory Tech Lab, SCV  
  27  3:36  SCV x2  
  29  3:43  Refinery  
  29  3:48  SCV  
  29  3:49  SCV  
  29  3:55  Banshee  
  31  4:00  SCV, Siege Tank  
  31  4:01  SCV  
  39  4:02  Marine  
  40  4:10  Barracks  
  40  4:11  Barracks  
  40  4:13  SCV x2  
  42  4:20  Marine  
  43  4:25  SCV x2  
  43  4:28  Engineering Bay  
  45  4:38  Banshee, Marine  
  45  4:41  SCV  
  45  4:42  SCV  
  51  4:54  SCV x2  
  54  5:06  SCV, Cloaking Field  
  55  5:08  Barracks Reactor  
  55  5:09  Barracks Tech Lab  
  55  5:11  Barracks Reactor  
  51  5:36  SCV x2  
  51  5:39  Missile Turret  
  51  5:41  Raven  
  55  5:43  Stimpack  
  55  5:44  Marine x2  
  55  5:45  Marine  
  55  5:48  SCV x2  
  60  6:00  SCV x2  
  60  6:01  Command Center, Supply Depot x2  
  60  6:03  Supply Depot  
  62  6:15  Refinery  
  62  6:22  Marine x3  
  62  6:23  SCV, Cyclone  
  67  6:27  Supply Depot  
  67  6:28  Supply Depot x2  
  67  6:31  Marine x2  
  67  6:40  Marine x3  
  70  6:49  Marine x2  
  72  6:55  Widow Mine  
  72  6:58  Marine x3  
  72  6:59  Terran Infantry Weapons Level 1  
  77  7:03  Armory  
  77  7:06  Marine  
  77  7:07  Marine  
  79  7:16  Marauder, Marine x2  
  83  7:24  Marine  
  83  7:25  Marine  
  82  7:33  Raven  
  84  7:38  Marauder  
  84  7:40  Combat Shield  
  86  7:48  Engineering Bay  
  86  7:52  Barracks  
  86  7:54  Terran Vehicle Weapons Level 1  
  86  7:55  Factory  
  86  7:59  Marauder  
  88  8:14  Marine x4  
  88  8:18  Thor  
  98  8:21  Marauder  
  98  8:22  Orbital Command  
  98  8:24  SCV  
  98  8:25  SCV  
  102  8:32  Marine x4  
  106  8:36  SCV, Supply Depot x2  
  106  8:37  SCV, Supply Depot  
  108  8:42  Marauder  
  108  8:45  Barracks Reactor  
  110  8:48  SCV  
  110  8:49  SCV, Marine  
  110  8:50  Marine x3  
  110  8:54  Ghost Academy  
  110  8:55  Terran Infantry Weapons Level 2  
  116  8:56  Factory Reactor  
  116  8:59  Concussive Shells, Missile Turret  
  116  9:00  SCV  
  116  9:01  SCV  
  118  9:03  Marine, Missile Turret x2  
  118  9:07  Marine  
  118  9:08  Marine x3  
  123  9:18  Refinery x2  
  123  9:20  Terran Infantry Armor Level 1, Command Center  
  123  9:21  Marauder  
  125  9:25  Marine x3  
  128  9:32  Barracks  
  128  9:34  Starport  
  128  9:40  Sensor Tower  
  128  9:43  Marauder  
  130  9:50  Supply Depot  
  130  9:51  Medivac  
  132  9:55  Smart Servos  
  132  10:04  Marauder  
  132  10:05  Thor  
  140  10:12  Supply Depot  
  140  10:20  Starport Reactor  
  140  10:21  Medivac  
  142  10:25  Marauder  
  142  10:27  Enhanced Shockwaves  
  144  10:30  Terran Vehicle Weapons Level 2  
  144  10:32  Widow Mine x2  
  148  10:36  Supply Depot  
  148  10:40  Barracks Reactor  
  148  10:47  SCV  
  148  10:49  SCV x2  
  151  10:51  Raven  
  151  10:53  Widow Mine x2  
  157  10:59  Supply Depot  
  157  11:01  Liberator x2  
  163  11:14  Drilling Claws  
  163  11:15  Widow Mine x2  
  167  11:22  Supply Depot  
  167  11:25  Thor  
  172  11:38  Missile Turret  
  171  11:45  Supply Depot  
  109  11:50  Marine x4  
  109  11:51  Marine x5  
  100  11:59  Missile Turret  
  88  12:03  Widow Mine x2  
  88  12:08  Marine x9, Thor  
  90  12:09  Supply Depot  
  90  12:13  Viking  
  90  12:14  Viking x2  
  101  12:21  Missile Turret  
  85  12:24  Widow Mine x2  
  85  12:25  Marine  
  85  12:26  Marine x3  
  91  12:34  Barracks  
  91  12:35  Barracks  
  88  12:47  Barracks  
Tags
 
Add a new tag
Caveats
  • Supply blocks, unpowered buildings, or Contaminate may cause inaccurate times.
  • Supply counts are checked every 10 seconds.